 Dungeon Crawl Stone Soup version 0.27-a0-1217-g8a41f320e8 (webtiles) character file.

Game seed: 9776599623159685199

17120 Feb132020 the Zephyrmancer (level 12, -4/64 HPs)
             Began as a Tengu Air Elementalist on June 5, 2021.
             Was an Elder of Sif Muna.
             Slain by a black mamba (10 damage)
             ... on level 4 of the Lair of Beasts on June 6, 2021.
             The game lasted 01:21:41 (16168 turns).

Feb132020 the Zephyrmancer (TeAE)                  Turns: 16168, Time: 01:21:42

Health: -4/64      AC: 12    Str: 10    XL:     12   Next: 44%
Magic:  18/26      EV: 18    Int: 18    God:    Sif Muna [****..]
Gold:   717        SH:  4    Dex: 18    Spells: 12/30 levels left

rFire    . . .     SeeInvis .   o - +3 dagger (venom)
rCold    . . .     Faith    .   q - +0 buckler
rNeg     + . .     Spirit   .   d - +2 robe {Will+}
rPois    .         Reflect  .   (helmet restricted)
rElec    +         Harm     .   x - +2 cloak
rCorr    .         Rampage  .   D - +0 pair of gloves
Will     +....                  (boots unavailable)
Stlth    ++++......             (no amulet)
HPRegen  1.20/turn              b - ring of positive energy
MPRegen  0.20/turn              G - +4 ring of protection

@: lethally poisoned (-4 -> -36), unable to read, flying quickly and evasively,
quick
A: beak, talons 3, nimble flight, clever 1, regeneration 1, electricity
resistance, evolution 1, inability to read while threatened
a: Renounce Religion, Channel Magic, Forget Spell, Divine Exegesis


You were on level 4 of the Lair of Beasts.
You worshipped Sif Muna.
Sif Muna was greatly pleased with you.
You visited 2 branches of the dungeon, and saw 14 of its levels.
You also visited: Sewer.

You collected 850 gold pieces.
You spent 133 gold pieces at shops.

Inventory:

Hand Weapons
 g - a +0 dagger
 o - a +3 dagger of venom (weapon)
Missiles
 c - 8 atropa-tipped darts
Armour
 a - a +1 robe
 d - a +2 robe of willpower (worn)
 n - a +0 robe of cold resistance
 q - a +0 buckler (worn)
 v - +0 steam dragon scales
 x - a +2 cloak (worn)
 D - a +0 pair of gloves (worn)
Magical Staves
 y - a staff of death
 H - a staff of cold
Jewellery
 b - a ring of positive energy (left hand)
 B - a ring of protection from cold
 G - a +4 ring of protection (right hand)
 J - a ring of positive energy
Wands
 p - a wand of flame (38)
 u - a wand of iceblast (23)
 E - a wand of polymorph (15)
 I - a wand of acid (7)
Scrolls
 h - 2 scrolls of blinking
 k - 2 scrolls of teleportation
 t - 2 scrolls of summoning
 C - a scroll of fog
 F - a scroll of fear
Potions
 e - a potion of flight {unknown}
 f - a potion of mutation
 i - 2 potions of magic
 j - a potion of attraction {unknown}
 l - a potion of heal wounds
 m - 3 potions of curing
 s - 3 potions of berserk rage
 w - 3 potions of brilliance
 z - 4 potions of lignification
 A - a potion of cancellation {unknown}


   Skills:
 + Level 3.4 Fighting
 + Level 6.1 Short Blades
 + Level 7.0 Dodging
 + Level 6.5 Stealth
 + Level 1.0 Shields
 + Level 9.8 Spellcasting
 + Level 8.9 Conjurations
 * Level 6.6 Summonings
 + Level 13.3 Air Magic


You had 12 spell levels left.
You knew the following spells:

 Your Spells              Type           Power      Damage    Failure   Level
a - Shock                 Conj/Air       100%       1d9       1%          1
b - Magic Dart            Conj           100%       1d8       1%          1
c - Swiftness             Air            54%        N/A       1%          3
d - Airstrike             Air            27%        N/A       1%          4
e - Static Discharge      Conj/Air       48%        N/A       1%          2
f - Summon Lightning Spi  Summ/Air       44%        N/A       1%          4
g - Summon Guardian Gole  Hex/Summ       20%        N/A       9%          3

Your spell library contained the following spells:

 Spells                   Type           Power      Damage    Failure   Level
 Foxfire                  Conj/Fire      96%        2x1d8     1%          1
 Summon Small Mammal      Summ           100%       N/A       1%          1
 Call Imp                 Summ           32%        N/A       1%          2
 Searing Ray              Conj           82%        3d6       1%          2
 Mephitic Cloud           Conj/Pois/Air  35%        N/A       1%          3
 Call Canine Familiar     Summ           32%        N/A       2%          3
 Lightning Bolt           Conj/Air       24%        1d39      3%          5
 Conjure Flame            Conj/Fire      24%        6-21      5%          3
 Dazzling Flash           Conj/Hex       48%        N/A       5%          3
 Beastly Appendage        Tmut           16%        N/A       12%         1
 Blink                    Tloc           N/A        N/A       19%         2
 Slow                     Hex            8%         N/A       19%         2
 Fulminant Prism          Conj/Hex       12%        3d9       19%         4
 Iskenderun's Mystic Bla  Conj/Tloc      24%        2d7       19%         4
 Summon Ice Beast         Ice/Summ       20%        N/A       30%         4
 Inner Flame              Hex/Fire       8%         N/A       34%         3
 Tukima's Dance           Hex            8%         N/A       34%         3


Dungeon Overview and Level Annotations

Branches:
Dungeon (10/15)            Temple (0/1) D:7            Lair (4/6) D:10
 Shoals (0/4) Lair:4        Snake (0/4) Lair:4        Sewer (visited)
    Orc: D:9-12

Altars:
Ashenzari
Cheibriados
Dithmenos
Elyvilon
Fedhas
Gozag
Makhleb
Nemelex Xobeh
Ru
Sif Muna
Uskayaw
Xom
The Shining One

Shops:
D:10 (

Annotations:
D:4 3 runed translucent doors, Feb132020's ghost, amateur SpCj
D:6 Edmund
D:7 triki's ghost, novice SpEn
D:8 Gastronok
D:10 Harold; Sonja


Innate Abilities, Weirdness & Mutations

You have a beak for a mouth.
You have claws for feet.
Your magical nature lets you fly swiftly and evasively.
Your mind is acute. (Int +2)
Your natural rate of healing is unusually fast.
You are resistant to electric shocks. (rElec)
You evolve.
You sometimes lose the ability to read scrolls when taking damage.


Message History

The plant is engulfed in blazing flames.
The black mamba completely misses you. The black mamba bites you!
You feel threatened and lose the ability to read scrolls!
You are more poisoned.
The black mamba poisons you! The black mamba closely misses you.
The black mamba bites you! The black mamba barely misses you.
The black mamba bites you!
* * * LOW HITPOINT WARNING * * *
You are lethally poisoned!
The black mamba poisons you!
You feel much better.
You feel extremely sick.
The plant is engulfed in blazing flames.
The black mamba barely misses you. The black mamba bites you!
* * * LOW HITPOINT WARNING * * *
The black mamba completely misses you. The black mamba barely misses you.
The black mamba bites you but does no damage.
The black mamba closely misses you.
You feel much better.
You feel extremely sick.
The black mamba is no longer covered in acid.
The plant is engulfed in blazing flames.
The black mamba misses you. The black mamba closely misses you.
The black mamba bites you.
You are lethally poisoned!
The black mamba poisons you! The black mamba bites you!
* * * LOW HITPOINT WARNING * * *
Your lightning spire is engulfed in blazing flames.
Your lightning spire shoots out a bolt of lightning at the black mamba!
The bolt of electricity hits the black mamba!
You catch the helpless black mamba completely off-guard!
You impale the black mamba!!
You kill the black mamba!
Sif Muna accepts your kill.
* * * LOW HITPOINT WARNING * * *
You feel extremely sick.
The plant is engulfed in blazing flames.
The black mamba barely misses you. The black mamba misses you.
The black mamba barely misses you. The black mamba bites you!
You die...

##...# #...†# #...## ##?.8#
....## ###..P# P.. ## #....###.
.....# #....## #..##.##.....#.#
...†.# ##...## #....#.......#
....## #.#..## #P.........#
.....#####...P#######.........#
.......# #..#§#S..............##
......## ##.§...@..............#
.....## ###P8S.......<.......#
.....# ######...............##
....#### #.####...............##
....##.####...................P#
.......#......................##
...............................#
.................................
.................................


You could see 2 black mambas and a friendly lightning spire (summoned).

Vanquished Creatures
  A hydra (Lair:1)
  A two-headed ogre (D:6)
  A wizard (D:10)
  Pikel (D:6)
  2 black mambas (Lair:4)
  3 cane toads
  2 rime drakes
  Psyche (D:8)
  A hornet (D:10)
  5 blink frogs
  Prince Ribbit (D:7)
  2 slime creatures (D:10)
  A shadow (D:9)
  A vampire (D:9)
  Eustachio (D:6)
  A wraith (D:9)
  2 basilisks (Lair:1)
  8 yaks
  3 steam dragons
  An acid dragon (D:6)
  8 water moccasins
  Duvessa (D:6)
  Purgy (Sewer)
  A hornet zombie (D:8)
  An ice beast (D:6)
  A sky beast (D:5)
  A black bear (D:10)
  An orc warrior (D:8)
  An ogre (D:4)
  5 centaurs
  A lemure (D:6)
  A phantom (D:7)
  A kobold brigand (D:10)
  A gnoll sergeant (D:7)
  4 scorpions
  11 bullfrogs
  Dowan (D:6)
  14 killer bees
  12 wights
  4 howler monkeys
  3 centaur zombies
  A hound (D:4)
  Crazy Yiuf (D:7)
  3 orc priests
  A bullfrog skeleton (D:6)
  A scorpion zombie (D:5)
  4 iguanas
  7 orc wizards
  4 hell rats (Lair:3)
  A hound skeleton (D:5)
  Robin (D:3)
  3 gnolls (D:4)
  5 adders
  A howler monkey skeleton (D:7)
  A river rat (D:4)
  2 white imps
  A dart slug (D:2)
  22 orcs
  An endoplasm (D:2)
  6 giant cockroaches
  6 hobgoblins
  16 jackals
  2 quokkas
  4 ball pythons
  6 bats
  3 frilled lizards
  7 goblins
  12 kobolds
  6 rats
241 creatures vanquished.

Vanquished Creatures (collateral kills)
  A hydra (Lair:2)
  A black mamba (Lair:4)
  2 cane toads
  A rime drake (Lair:2)
  2 komodo dragons
  3 blink frogs (Lair:2)
  A wyvern (Lair:4)
  5 yaks
  4 water moccasins
  An orc warrior (D:10)
  2 bullfrogs
  An orc priest (D:10)
24 creatures vanquished.

Vanquished Creatures (others)
  A wizard (D:10)
  A black mamba (Lair:4)
  2 yaks (Lair:3)
  An orc wizard (D:4)
  A dart slug (D:5)
  2 bushes (Lair:2)
  52 fungi
  44 plants
104 creatures vanquished.

Grand Total: 369 creatures vanquished

Notes
Turn   | Place    | Note
-------+----------+-------------------------------------------
     0 | D:1      | Feb132020 the Tengu Air Elementalist began the quest for
                  | the Orb.
     0 | D:1      | Reached XP level 1. HP: 10/10 MP: 4/4
   566 | D:1      | Reached XP level 2. HP: 15/15 MP: 0/6
  1278 | D:2      | Learned a level 2 spell: Static Discharge
  1329 | D:2      | Reached XP level 3. HP: 19/19 MP: 2/7
  1861 | D:3      | Reached skill level 5 in Air Magic
  2435 | D:3      | Reached XP level 4. HP: 24/24 MP: 6/8
  2439 | D:3      | Noticed Robin
  2511 | D:3      | Killed Robin
  2708 | D:3      | Found a blossoming altar of Fedhas.
  2943 | D:4      | Noticed an ogre
  3013 | D:4      | Reached skill level 6 in Air Magic
  3013 | D:4      | Gained mutation: Your magical nature lets you fly swiftly
                  | and evasively. [Tengu growth]
  3013 | D:4      | Reached XP level 5. HP: 6/28 MP: 1/10
  3188 | D:4      | Found a glowing drain.
  3303 | Sewer    | Entered a sewer
  3306 | Sewer    | Noticed Purgy
  3322 | Sewer    | Killed Purgy
  3323 | Sewer    | Reached XP level 6. HP: 13/33 MP: 4/12
  3711 | D:4      | Reached skill level 1 in Fighting
  3848 | D:4      | Learned a level 3 spell: Swiftness
  4001 | D:4      | Reached skill level 1 in Short Blades
  4070 | D:4      | Found a runed translucent gate.
  4071 | D:4      | Found a runed translucent gate.
  4072 | D:4      | Found a runed translucent gate.
  4074 | D:4      | Noticed Feb132020's ghost (amateur SpCj)
  4189 | D:4      | Found a shimmering blue altar of Sif Muna.
  4193 | D:4      | Became a worshipper of Sif Muna the Loreminder
  4552 | D:4      | Noticed a steam dragon
  4565 | D:3      | Learned a level 4 spell: Airstrike
  4576 | D:4      | Killed a steam dragon
  4577 | D:4      | Reached XP level 7. HP: 38/38 MP: 4/13
  4785 | D:4      | Identified Sif Muna's Collected Works on Transformation
  5102 | D:5      | Entered Level 5 of the Dungeon
  5150 | D:5      | Gained mutation: Your natural rate of healing is unusually
                  | fast. [potion of mutation]
  5150 | D:5      | Gained mutation: You evolve. [potion of mutation]
  5150 | D:5      | Gained mutation: Your magical capacity is low. (-10% MP)
                  | [potion of mutation]
  5150 | D:5      | Gained mutation: You are resistant to electric shocks.
                  | (rElec) [potion of mutation]
  5156 | D:5      | Found an opulent altar of Gozag.
  5194 | D:5      | Learned a level 1 spell: Magic Dart
  5549 | D:5      | Found a sparkling altar of Nemelex Xobeh.
  5551 | D:5      | Found a hide-covered altar of Uskayaw.
  5607 | D:5      | Reached skill level 7 in Air Magic
  5946 | D:5      | Found a glowing golden altar of the Shining One.
  6050 | D:6      | Noticed Duvessa
  6264 | D:6      | Reached XP level 8. HP: 43/43 MP: 7/14
  6332 | D:6      | Reached skill level 5 in Conjurations
  6339 | D:6      | Found a shimmering altar of Xom.
  6428 | D:6      | Found a broken altar of Ashenzari.
  6499 | D:6      | Noticed Pikel
  6499 | D:6      | Noticed a two-headed ogre
  6538 | D:6      | Noticed Edmund
  6597 | D:7      | Found a runed translucent door.
  6598 | D:7      | Noticed triki's ghost (novice SpEn)
  6770 | D:7      | Found a sacrificial altar of Ru.
  7047 | D:7      | Reached skill level 8 in Air Magic
  7098 | D:7      | Reached skill level 5 in Spellcasting
  7126 | D:7      | Gained mutation: Your mind is acute. (Int +2) [evolution]
  7231 | D:7      | Reached XP level 9. HP: 33/48 MP: 10/16
  7458 | D:7      | Found a runed translucent door.
  7459 | D:7      | Noticed Crazy Yiuf
  7466 | D:7      | Killed Crazy Yiuf
  7523 | D:7      | Noticed Prince Ribbit
  7527 | D:7      | Killed Prince Ribbit
  7528 | D:7      | Reached skill level 9 in Air Magic
  7697 | D:7      | Found a staircase to the Ecumenical Temple.
  7809 | D:7      | Reached * piety under Sif Muna
  8579 | D:8      | Noticed Gastronok
  8800 | D:8      | Noticed Psyche
  8803 | D:8      | Killed Psyche
  8804 | D:8      | Reached skill level 5 in Stealth
  8804 | D:8      | Reached skill level 10 in Air Magic
  9315 | D:8      | Reached XP level 10. HP: 44/53 MP: 3/19
  9762 | D:6      | Noticed Eustachio
  9807 | D:6      | Killed Eustachio
  9945 | D:6      | Noticed Dowan
  9956 | D:6      | Killed Duvessa
  9967 | D:6      | Killed Dowan
 10019 | D:6      | Killed Pikel
 10020 | D:6      | Reached skill level 5 in Dodging
 10020 | D:6      | Reached skill level 11 in Air Magic
 10176 | D:6      | Killed a two-headed ogre
 10176 | D:6      | Reached ** piety under Sif Muna
 10325 | D:5      | Found a snail-covered altar of Cheibriados.
 10325 | D:5      | Found a white marble altar of Elyvilon.
 10658 | D:9      | Found a shadowy altar of Dithmenos.
 10777 | D:9      | Found a burning altar of Makhleb.
 11298 | D:9      | Reached skill level 5 in Short Blades
 11381 | D:9      | Learned a level 4 spell: Summon Lightning Spire
 11588 | D:10     | Entered Level 10 of the Dungeon
 11616 | D:10     | Gained mutation: You sometimes lose the ability to read
                  | scrolls when taking damage. [evolution]
 11674 | D:10     | Noticed a wizard
 11767 | D:10     | Reached skill level 1 in Summonings
 11910 | D:10     | Noticed Sonja
 11913 | D:10     | Killed a wizard
 11914 | D:10     | Reached skill level 12 in Air Magic
 11914 | D:10     | Reached XP level 11. HP: 59/59 MP: 9/21
 12192 | D:10     | Found Veuma's Antique Weapon Shop.
 12200 | D:10     | Bought a glowing rapier for 133 gold pieces
 12214 | D:10     | Reached *** piety under Sif Muna
 12251 | D:10     | Noticed Harold
 12332 | D:10     | Identified the Guide on Fetching Heat
 12339 | D:10     | Noticed a wizard
 12356 | D:10     | Killed a wizard
 12357 | D:10     | Noticed a cyclops
 12432 | D:10     | Found a staircase to the Lair.
 12441 | Lair:1   | Entered Level 1 of the Lair of Beasts
 12719 | Lair:1   | Noticed a four-headed hydra
 12729 | Lair:1   | Killed a four-headed hydra
 13742 | Lair:2   | Reached skill level 5 in Summonings
 13938 | Lair:2   | Reached skill level 13 in Air Magic
 14110 | Lair:2   | Noticed a six-headed hydra
 14160 | Lair:2   | Killed a six-headed hydra
 14161 | Lair:2   | Reached XP level 12. HP: 23/64 MP: 7/23
 14531 | Lair:2   | Reached **** piety under Sif Muna
 14709 | Lair:2   | Learned a level 3 spell: Summon Guardian Golem
 14709 | Lair:2   | Upgraded the game from 0.27-a0-1206-g6342a01c75 to
                  | 0.27-a0-1217-g8a41f320e8
 14852 | Lair:3   | You are sucked into a shaft and drop 1 floor!
 15060 | Lair:3   | Reached skill level 1 in Shields
 15837 | Lair:3   | Lost mutation: Your magical capacity is low. (-10% MP)
                  | [evolution]
 15956 | Lair:4   | Found a staircase to the Shoals.
 16144 | Lair:4   | Found a staircase to the Snake Pit.
 16168 | Lair:4   | Slain by a black mamba

Illustrated notes

Levels and vault maps discovered:
D:1:      elethiomel_arrival_quiet, layout_basic
D:2:      layout_loops_ring
D:3:      layout_basic, lemuel_coloured_pillars_altar, uniq_robin
D:4:      layout_layer_cave, led_sif_book, gammafunk_ghost_nasty_kobolds,
          portal_sewer_entry_e, amcnicky_mini_pool_small
D:5:      layout_loops_ring, kennysheep_little_box,
          nicolae_tso_swordbearing_angel, nicolae_overflow_hidden_temple,
          lemuel_old_faithful
D:6:      layout_loops_ring, nicolae_ashenzari_skybound, lemuel_crystal_altar,
          serial_glass, glass_columns_b, glass_columns_a, glass_columns_a,
          glass_columns_a, minmay_misc_feat_rugged, uniq_edmund, uniq_eustachio,
          uniq_duvessa, uniq_pikel
D:7:      minmay_recursive_quarters, layout_loops_corners, marbit_many_paths,
          temple_doors_e, ebering_ghost_reflecting_pool, uniq_prince_ribbit1,
          uniq_crazy_yiuf_cottage
D:8:      layout_loops_cross, minivault_1, minmay_misc_feat_doors, uniq_psyche,
          uniq_gastronok
D:9:      layout_grid_maze, bloody_makhleb, grunt_dithmenos_shadows,
          minmay_misc_feat_square
D:10:     cheibrodos_wizards_tower, layout_irregular_city,
          due_lair_maze_entry_diamond, serial_glass, glass_columns_a,
          glass_columns_c, item_on_display_a, feat_on_display,
          minmay_strange_pillars, serial_shops, shop, nicolae_shop_waterfront,
          dk_vineyard_3, st_stairs_7, uniq_harold, uniq_sonja
Lair:1:   layout_gridlike, serial_bayou_shore_a
Lair:2:   layout_concentric_octagons, cheibrodos_lair_caveside_slide,
          minmay_hedge_maze, grunt_megastairs_5
Lair:3:   layout_hall_layers
Lair:4:   layout_gridlike, elwin_shoals_entry_rocks,
          minmay_snake_entry_six_corridors

Skill      XL: |  1  2  3  4  5  6  7  8  9 10 11 12 |
---------------+-------------------------------------+-----
Air Magic      | 5 6 7 8 10 12 13 | 13.3
Conjurations   | 3 4 6 7 8 |  8.9
Spellcasting   | 3 4 5 6 8 9 |  9.8
Fighting       | 1 2 3 |  3.4
Dodging        | 3 4 5 6 7 |  7.0
Stealth        | 3 4 5 6 |  6.5
Short Blades   | 1 2 3 4 5 6 |  6.1
Summonings     | 2 5 6 |  6.6
Shields        | 1 |  1.0

Action                   |  1- 3 |  4- 6 |  7- 9 | 10-12 || total
-------------------------+-------+-------+-------+-------++-------
Melee: Unarmed           |     3 |       |       |       ||     3
       Dagger            |    12 |    50 |    82 |   283 ||   427
       Kick              |     3 |     8 |    23 |    99 ||   133
       Peck              |       |     8 |    15 |    54 ||    77
 Cast: Shock             |    54 |    66 |   123 |   137 ||   380
       Static Discharge  |     1 |     3 |     7 |    31 ||    42
       Airstrike         |       |     2 |    16 |    32 ||    50
       Swiftness         |       |       |     1 |       ||     1
       Summon Lightning  |       |       |       |    21 ||    21
       Summon Guardian G |       |       |       |     2 ||     2
Evoke: Wand              |       |       |       |     1 ||     1
  Use: Scroll            |       |     8 |     5 |    10 ||    23
       Potion            |       |     1 |     1 |     7 ||     9
 Stab: Sleeping          |     1 |     3 |     9 |    12 ||    25
       Distracted        |       |       |       |     6 ||     6
Armor: Robe              |     4 |    18 |    26 |    72 ||   120
Dodge: Dodged            |    12 |    46 |    89 |   258 ||   405
Block: Buckler           |       |       |       |    26 ||    26

Table legend: (Time is in decaauts)
 A = Elapsed time spent in this place.
 B = Non-inter-level travel time spent in this place.
 C = Inter-level travel time spent in this place.
 D = Time resting spent in this place.
 E = Time spent auto-exploring this place.
 F = Levels seen in this place.
 G = Mean time per level.
                   A        B        C        D        E       F      G
               +--------+--------+--------+--------+--------+-----+--------+
         Total |  15246 |  14792 |    454 |    215 |  11937 |  15 | 1016.4 |
       Dungeon |  11500 |  11162 |    338 |    171 |   9030 |  10 | 1150.0 |
          Lair |   3439 |   3323 |    116 |     44 |   2653 |   4 |  859.8 |
         Sewer |    306 |    306 |      0 |      0 |    253 |   1 |  306.0 |
               +--------+--------+--------+--------+--------+-----+--------+

Top non-repeatable levels by time:
     D:7: 1846 daAuts
     D:4: 1807 daAuts
     D:8: 1124 daAuts
     D:9: 1120 daAuts
     D:3: 1118 daAuts
  Lair:2: 1111 daAuts
     D:6: 1099 daAuts
  Lair:3: 1059 daAuts
  Lair:1: 1021 daAuts
     D:2: 970 daAuts
     D:5: 858 daAuts
    D:10: 785 daAuts
     D:1: 769 daAuts
   Sewer: 306 daAuts
  Lair:4: 247 daAuts
